 Dungeon Crawl Stone Soup version 0.30-a0-726-gd89dcf765f (webtiles) character file.

Game seed: 1147060750107974257

41 Laraso the Cudgeller (level 3, -2/23 HPs)
             Began as a Gargoyle Fighter on Jan 30, 2023.
             Slain by a goblin
             ... wielding a +1 dagger of draining
             ... led by Robin
              (3 damage)
             ... on level 2 of the Dungeon.
             The game lasted 00:02:02 (1434 turns).

Laraso the Cudgeller (Gargoyle Fighter)             Turns: 1434, Time: 00:02:02

Health: -2/23      AC: 10    Str: 19    XL:     3   Next: 52%
Magic:  3/3        EV:  9    Int:  8    God:
Gold:   146        SH:  4    Dex: 13    Spells: 2/2 levels left

rFire   . . .      SeeInvis .    a - +0 flail
rCold   . . .      Faith    .    c - +0 buckler
rNeg    + . .      Spirit   .    b - +0 scale mail
rPois   ∞          Reflect  .    (helmet restricted)
rElec   +          Harm     .    (no cloak)
rCorr   .          Rampage  .    (no gloves)
Will    .....                    (no boots)
Stlth   +                        (no amulet)
HPRegen 0.23/turn                (no ring)
MPRegen 0.08/turn                (no ring)

@: no status effects
A: sickness immunity, AC +3, negative energy resistance 1, electricity
resistance, torment resistance 1, petrification resistance, beak, thin skeletal
structure 1, screaming 1
a: no special abilities


You were on level 2 of the Dungeon.
You visited 1 branch of the dungeon, and saw 3 of its levels.

You collected 146 gold pieces.

Inventory:

Hand Weapons
 a - a +0 flail (weapon)
Armour
 b - a +0 scale mail (worn)
 c - a +0 buckler (worn)
Jewellery
 s - an amulet of guardian spirit
Scrolls
 e - 2 scrolls of amnesia {unknown}
 f - a scroll of magic mapping {unknown}
 g - 2 scrolls of identify {unknown}
 i - a scroll of brand weapon {unknown}
 j - a scroll of teleportation {unknown}
 l - a scroll of enchant weapon {unknown}
 o - a scroll of blinking {unknown}
 p - a scroll of fear {unknown}
 r - a scroll of immolation {unknown}
Potions
 d - 2 potions of might
 h - a potion of mutation
 k - a potion of brilliance {unknown}
 m - a potion of curing {unknown}
 n - a potion of attraction {unknown}
 q - a potion of heal wounds {unknown}


   Skills:
 - Level 3.2 Fighting
 + Level 3.8 Maces & Flails
 - Level 3.2 Armour
 - Level 3.2 Shields


You had 2 spell levels left.
You didn't know any spells.
Your spell library contained the following spells:

 Spells                   Type           Power      Damage    Failure   Level
 Apportation              Tloc           0%         N/A       86%         1
 Necrotise                Necr           0%         1d4       86%         1
 Summon Small Mammal      Summ           0%         N/A       86%         1


Dungeon Overview and Level Annotations

Branches:
Dungeon (3/15)

Altars:

Shops:
D:1 [

Annotations:
D:3 Robin


Innate Abilities, Weirdness & Mutations

You are immune to sickness and miasma.
Your stone body is resilient. (AC +3)
You are immune to poison.
You resist negative energy. (rN+)
You are resistant to electric shocks. (rElec)
You are resistant to unholy torment.
You are immune to petrification.
You have a beak for a mouth.
You have a somewhat thin skeletal structure. (Dex +2, Stealth+)
You occasionally shout uncontrollably at your foes.


Message History

Robin hits you but does no damage. Robin barely misses you.
There is a stone staircase leading up here.
Things that are here:
a +0 dagger; a +0 sling The goblin hits you but does no damage.
The hobgoblin hits you but does no damage.
Robin hits you but does no damage.
You climb upwards.
There is a stone staircase leading down here.
You closely miss the hobgoblin.
The hobgoblin no longer looks unusually strong.
The goblin no longer looks unusually strong.
The hobgoblin hits you but does no damage.
You block the goblin's attack.
The hobgoblin hits you but does no damage.
The goblin hits you with a +1 dagger of draining.
You closely miss the hobgoblin.
The hobgoblin hits you but does no damage.
The goblin hits you but does no damage.
You barely miss the hobgoblin. The hobgoblin barely misses you.
The goblin hits you with a +1 dagger of draining.
You closely miss the hobgoblin.
The hobgoblin hits you but does no damage.
The goblin completely misses you.
The hobgoblin hits you but does no damage.
The goblin hits you with a +1 dagger of draining.
* * * LOW HITPOINT WARNING * * *
You closely miss the goblin.
The hobgoblin hits you but does no damage.
The goblin hits you with a +1 dagger of draining.
* * * LOW HITPOINT WARNING * * *
Okay, then.
You are too injured to fight recklessly!
It was a potion of mutation.
You feel extremely strange.
You feel the urge to shout.
Your bones become slightly less dense.
Your mouth lengthens and hardens into a beak!
You block the hobgoblin's attack.
The goblin hits you with a +1 dagger of draining.
You die...

#.# #># ##### #.# ....###### #.#
....##...# #.# ....##...# #.#
....##...######################.#
...............).)..............#
...............g@g............<##
....##...........#<..........†#..
....##....######.#######.#....#..
####....#.# #.# #....P####
#[...#.#### #.# ###†P.#_#.
#....#....# #.#########..P#.#.
####....####.###............#~P(.
............................#P..⌠
####....####.........#####..#.[..


You could see a hobgoblin and a goblin.

Vanquished Creatures
  A worm (D:2)
  2 ball pythons
  A bat (D:1)
  3 endoplasms (D:1)
  2 giant cockroaches
  10 goblins
  7 hobgoblins
  A kobold (D:3)
  2 frilled lizards (D:1)
  2 rats
31 creatures vanquished.

Notes
Turn   | Place    | Note
-------+----------+-------------------------------------------
     0 | D:1      | Laraso the Gargoyle Fighter began the quest for the Orb.
     0 | D:1      | Reached XP level 1. HP: 14/14 MP: 1/1
   190 | D:1      | Reached XP level 2. HP: 19/19 MP: 2/2
   541 | D:1      | Found Fimogoj's Armour Shop.
   729 | D:2      | Reached XP level 3. HP: 20/23 MP: 3/3
   810 | D:2      | Found a faded altar of an unknown god.
  1240 | D:3      | Noticed Robin
  1433 | D:2      | HP: 1/23 [goblin/+1 dagger of draining[Robin] (4)]
  1434 | D:2      | Gained mutation: You occasionally shout uncontrollably at
                  | your foes. [potion of mutation]
  1434 | D:2      | Gained mutation: You have a somewhat thin skeletal
                  | structure. (Dex +2, Stealth+) [potion of mutation]
  1434 | D:2      | Gained mutation: You have a beak for a mouth. [potion of
                  | mutation]
  1434 | D:2      | Slain by a goblin

Illustrated notes

Levels and vault maps discovered:
D:1:      amcnicky_arrival_single_pillar, layout_loops_ring, serial_shops,
          nicolae_shop_hallway_plus
D:2:      layout_basic, shapermc_ecumenical_altar_mp_ritualfount
D:3:      layout_rooms, uniq_robin

Skill      XL: |  1  2 |
---------------+-------+-----
Maces & Flails | 3 |  3.8
Fighting       | |  3.2
Armour         | |  3.2
Shields        | |  3.2

Action                     || total
---------------------------++-------
  Melee: Flail             ||    91
    Use: Potion            ||     1
 Armour: Scale mail        ||    70
  Dodge: Dodged            ||    53
  Block: Buckler           ||    24

Table legend: (Time is in decaauts)
 A = Elapsed time spent in this place.
 B = Non-inter-level travel time spent in this place.
 C = Inter-level travel time spent in this place.
 D = Time resting spent in this place.
 E = Time spent auto-exploring this place.
 F = Levels seen in this place.
 G = Mean time per level.
                   A        B        C        D        E       F      G
               +--------+--------+--------+--------+--------+-----+--------+
         Total |   1465 |   1393 |     72 |    114 |   1021 |   3 |  488.3 |
       Dungeon |   1465 |   1393 |     72 |    114 |   1021 |   3 |  488.3 |
               +--------+--------+--------+--------+--------+-----+--------+

Top non-repeatable levels by time:
     D:2: 743 daAuts
     D:1: 683 daAuts
     D:3: 38 daAuts
